TOP OF THE 1ST |
Eugene Emeralds batting - Pitching for Spokane Indians : LHP Alberto Argueta
|
Pitching: LHP Alberto Argueta
|
|
Batting: LHB James Peters
|
0-0: Ground out U3 (Groundball, 13, EV 82.5 MPH)
|
Batting: LHB Randy Bush
|
0-0: Called Strike 0-1: Ball 1-1: Fly out, F3 (Line Drive, 3, EV 73.8 MPH)
|
Batting: LHB Ty Gainey
|
0-0: Foul Ball, location: 2F 0-1: Called Strike 0-2: Foul Ball, location: 2F 0-2: Strikes out swinging
|
Top of the 1st over - 0 runs, 0 hits, 0 errors, 0 left on base; Eugene 0 - Spokane 0 |
BOTTOM OF THE 1ST |
Spokane Indians batting - Pitching for Eugene Emeralds : RHP George Frazier
|
Pitching: RHP George Frazier
|
|
Batting: RHB Reggie Whittemore
|
0-0: Ball 1-0: Called Strike 1-1: Ball 2-1: Bunt missed! 2-2: Strikes out looking
|
Batting: LHB Stu Pederson
|
0-0: Ball 1-0: Ground out 4-3 (Groundball, 4, EV 106.3 MPH)
|
Batting: SHB Mark Gillaspie
|
0-0: Called Strike 0-1: Foul Ball, location: 2F 0-2: Ball 1-2: Foul Ball, location: 2F 1-2: Foul Ball, location: 2F 1-2: Foul Ball, location: 2F 1-2: Ball 2-2: Ball 3-2: Ground out U3 (Groundball, 3L, EV 108.8 MPH)
|
Bottom of the 1st over - 0 runs, 0 hits, 0 errors, 0 left on base; Eugene 0 - Spokane 0 |
TOP OF THE 2ND |
Eugene Emeralds batting - Pitching for Spokane Indians : LHP Alberto Argueta
|
Batting: LHB Dave Revering
|
0-0: Called Strike 0-1: Ball 1-1: Ball 2-1: Ball 3-1: Called Strike 3-2: Foul Ball, location: 2F 3-2: Strikes out swinging
|
Batting: RHB Tim Wallach
|
0-0: Foul Ball, location: 2F 0-1: Ball 1-1: Fly out, F4 (Popup, 34, EV 76.9 MPH)
|
Batting: LHB Milt May
|
0-0: Ball 1-0: Ball 2-0: Called Strike 2-1: Foul Ball, location: 2F 2-2: Strikes out swinging
|
Top of the 2nd over - 0 runs, 0 hits, 0 errors, 0 left on base; Eugene 0 - Spokane 0 |
BOTTOM OF THE 2ND |
Spokane Indians batting - Pitching for Eugene Emeralds : RHP George Frazier
|
Batting: LHB Dave Stockstill
|
0-0: Ball 1-0: Ground out 6-3 (Groundball, 6, EV 78.1 MPH)
|
Batting: RHB Tom Watkins
|
0-0: Ball 1-0: Ball 2-0: Fly out, F9 (Flyball, 9S, EV 93.8 MPH)
|
Batting: LHB Joseph Lentsch
|
0-0: Called Strike 0-1: Ball 1-1: Ball 2-1: Foul Ball, location: 2F 2-2: Ball 3-2: Base on Balls
|
Batting: RHB Matthew Tyner
|
0-0: Ball 1-0: Fielders Choice at 2nd, 5-4 (Groundball, 56, EV 83.8 MPH)
|
Bottom of the 2nd over - 0 runs, 0 hits, 0 errors, 1 left on base; Eugene 0 - Spokane 0 |
TOP OF THE 3RD |
Eugene Emeralds batting - Pitching for Spokane Indians : LHP Alberto Argueta
|
Batting: RHB Derrell Baker
|
0-0: Fly out, F3 (Popup, 34, EV 66.9 MPH)
|
Batting: LHB Terry Lee
|
0-0: Called Strike 0-1: Ball 1-1: Ground out 6-3 (Groundball, 6, EV 81.9 MPH)
|
Batting: LHB Richard Rickman
|
0-0: Swinging Strike 0-1: Swinging Strike 0-2: Ball 1-2: Foul Ball, location: 2F 1-2: Strikes out swinging
|
Top of the 3rd over - 0 runs, 0 hits, 0 errors, 0 left on base; Eugene 0 - Spokane 0 |
BOTTOM OF THE 3RD |
Spokane Indians batting - Pitching for Eugene Emeralds : RHP George Frazier
|
Batting: RHB Albert Rausch
|
0-0: Ball 1-0: Called Strike 1-1: Ball 2-1: Fly out, F8 (Flyball, 8RXD, EV 97.5 MPH)
|
Batting: RHB Ty Waller
|
0-0: Called Strike 0-1: Foul Ball, location: 2F 0-2: Ball 1-2: Ball 2-2: Ground out 4-3 (Groundball, 4S, EV 71.3 MPH)
|
Batting: RHB Reggie Whittemore
|
0-0: Ball 1-0: Ball 2-0: Ball 3-0: Called Strike 3-1: Fly out, F8 (Line Drive, 8RD, EV 87.5 MPH)
|
Bottom of the 3rd over - 0 runs, 0 hits, 0 errors, 0 left on base; Eugene 0 - Spokane 0 |
TOP OF THE 4TH |
Eugene Emeralds batting - Pitching for Spokane Indians : LHP Alberto Argueta
|
Batting: LHB James Peters
|
0-0: Ball 1-0: Ball 2-0: Called Strike 2-1: Called Strike 2-2: Strikes out swinging
|
Batting: LHB Randy Bush
|
0-0: Ball 1-0: Ground out 1-6-3 (Groundball, 15S, EV 100.6 MPH)
|
Batting: LHB Ty Gainey
|
0-0: Called Strike 0-1: Foul Ball, location: 2F 0-2: Strikes out swinging
|
Top of the 4th over - 0 runs, 0 hits, 0 errors, 0 left on base; Eugene 0 - Spokane 0 |
BOTTOM OF THE 4TH |
Spokane Indians batting - Pitching for Eugene Emeralds : RHP George Frazier
|
Batting: LHB Stu Pederson
|
0-0: Ball 1-0: SINGLE (Flyball, 8RS, EV 88.1 MPH)
|
Batting: SHB Mark Gillaspie
|
0-0: Fly out, F9 (Line Drive, 9, EV 86.3 MPH)
|
Batting: LHB Dave Stockstill
|
0-0: Ball 1-0: Called Strike 1-1: Ball 2-1: Fly out, F7 (Flyball, 7S, EV 81.9 MPH)
|
Batting: RHB Tom Watkins
|
0-0: Called Strike 0-1: Foul Ball, location: 2F 0-2: Ball 1-2: Fly out, F9 (Flyball, 89M, EV 95.6 MPH)
|
Bottom of the 4th over - 0 runs, 1 hit, 0 errors, 1 left on base; Eugene 0 - Spokane 0 |
TOP OF THE 5TH |
Eugene Emeralds batting - Pitching for Spokane Indians : LHP Alberto Argueta
|
Batting: LHB Dave Revering
|
0-0: Ball 1-0: Called Strike 1-1: Ball 2-1: Ball 3-1: Base on Balls
|
Batting: RHB Tim Wallach
|
0-0: Ball 1-0: Called Strike 1-1: Ball Wild Pitch! Dave Revering to second 2-1: Ball 3-1: Base on Balls
|
Batting: LHB Milt May
|
0-0: Ball 1-0: Ball 2-0: Swinging Strike 2-1: Foul Ball, location: 2F 2-2: Foul Ball, location: 2F 2-2: Fly out, F9 (Flyball, 8RS, EV 91.9 MPH)
|
Batting: RHB Derrell Baker
|
0-0: Ball 1-0: Fly out, F3 (Line Drive, 3, EV 65.0 MPH)
|
Batting: LHB Terry Lee
|
0-0: Ground out U3 (Groundball, 13, EV 85.6 MPH)
|
Top of the 5th over - 0 runs, 0 hits, 0 errors, 2 left on base; Eugene 0 - Spokane 0 |
BOTTOM OF THE 5TH |
Spokane Indians batting - Pitching for Eugene Emeralds : RHP George Frazier
|
Batting: LHB Joseph Lentsch
|
0-0: Ball 1-0: Ball 2-0: Ball 3-0: Called Strike 3-1: Fly out, F8 (Line Drive, 8LM, EV 92.5 MPH)
|
Batting: RHB Matthew Tyner
|
0-0: Ball 1-0: Called Strike 1-1: Foul Ball, location: 2F 1-2: Foul Ball, location: 2F 1-2: Ball 2-2: Foul Ball, location: 2F 2-2: Ball 3-2: SOLO HOME RUN (Flyball, 7LD, EV 86.3 MPH), Distance : 351 ft
|
Batting: RHB Albert Rausch
|
0-0: Called Strike 0-1: Ball 1-1: Ball 2-1: Called Strike 2-2: Ground out 5-3 (Groundball, 56S, EV 87.5 MPH)
|
Batting: RHB Ty Waller
|
0-0: Ball 1-0: Called Strike 1-1: Ground out U3 (Groundball, 3, EV 84.4 MPH)
|
Bottom of the 5th over - 1 run, 1 hit, 0 errors, 0 left on base; Eugene 0 - Spokane 1 |
TOP OF THE 6TH |
Eugene Emeralds batting - Pitching for Spokane Indians : LHP Alberto Argueta
|
Batting: LHB Richard Rickman
|
0-0: Ball 1-0: Foul Ball, location: 2F 1-1: Fly out, F6 (Popup, 6MD, EV 46.9 MPH)
|
Batting: LHB James Peters
|
0-0: Swinging Strike 0-1: Foul Ball, location: 2F 0-2: Foul Ball, location: 2F 0-2: Foul Ball, location: 2F 0-2: Ball 1-2: DOUBLE (Line Drive, 7LD, EV 102.5 MPH)
|
Batting: LHB Randy Bush
|
0-0: Ball 1-0: Ball 2-0: Ground out 6-3 (Groundball, 6, EV 78.1 MPH) James Peters to third
|
Batting: LHB Ty Gainey
|
0-0: Called Strike 0-1: Ball 1-1: Called Strike 1-2: Ball 2-2: Ground out U3 (Groundball, 34, EV 79.4 MPH)
|
Top of the 6th over - 0 runs, 1 hit, 0 errors, 1 left on base; Eugene 0 - Spokane 1 |
BOTTOM OF THE 6TH |
Spokane Indians batting - Pitching for Eugene Emeralds : RHP George Frazier
|
Batting: RHB Reggie Whittemore
|
0-0: Fly out, F9 (Flyball, 9S, EV 81.9 MPH)
|
Batting: LHB Stu Pederson
|
0-0: Swinging Strike 0-1: Foul Ball, location: 2F 0-2: Ball 1-2: Fly out, F8 (Line Drive, 8LM, EV 92.5 MPH)
|
Batting: SHB Mark Gillaspie
|
0-0: Ball 1-0: Hit by Pitch
|
Pitching: LHP Martin Pavlik
|
|
Batting: LHB Dave Stockstill
|
0-0: Swinging Strike 0-1: Called Strike 0-2: Ball 1-2: Ball 2-2: Ball Wild Pitch! Mark Gillaspie to second 3-2: Strikes out swinging
|
Bottom of the 6th over - 0 runs, 0 hits, 0 errors, 1 left on base; Eugene 0 - Spokane 1 |
TOP OF THE 7TH |
Eugene Emeralds batting - Pitching for Spokane Indians : LHP Alberto Argueta
|
Batting: LHB Dave Revering
|
0-0: Ball 1-0: Ball 2-0: Ball 3-0: Base on Balls
|
Batting: RHB Tim Wallach
|
0-0: Ball 1-0: Ball 2-0: Ball 3-0: Base on Balls Dave Revering to second
|
Batting: LHB Milt May
|
0-0: Fielders Choice at 2nd, 1-6 (Groundball, 13, EV 70.6 MPH) Dave Revering to third
|
Batting: RHB Derrell Baker
|
0-0: Called Strike 0-1: Ball 1-1: Foul Ball, location: 2F 1-2: Ball 2-2: Ball 3-2: Fielders Choice at 2nd, 4-6 (Groundball, 4M, EV 83.1 MPH) Dave Revering scores
|
Batting: LHB Terry Lee
|
0-0: Called Strike 0-1: Called Strike 0-2: Foul Ball, location: 2F 0-2: Ball 1-2: Strikes out swinging
|
Top of the 7th over - 1 run, 0 hits, 0 errors, 1 left on base; Eugene 1 - Spokane 1 |
BOTTOM OF THE 7TH |
Spokane Indians batting - Pitching for Eugene Emeralds : LHP Martin Pavlik
|
Batting: RHB Tom Watkins
|
0-0: Reached on error, E5 (Groundball, 56D, EV 78.8 MPH)
|
Batting: LHB Joseph Lentsch
|
0-0: Called Strike 0-1: Swinging Strike 0-2: Strikes out looking
|
Batting: RHB Matthew Tyner
|
0-0: Grounds into double play, 6-4-3 (Groundball, 6, EV 81.3 MPH)
|
Bottom of the 7th over - 0 runs, 0 hits, 1 error, 0 left on base; Eugene 1 - Spokane 1 |
TOP OF THE 8TH |
Eugene Emeralds batting - Pitching for Spokane Indians : LHP Alberto Argueta
|
Batting: LHB Richard Rickman
|
0-0: SINGLE (Groundball, 56S, EV 73.1 MPH) (infield hit)
|
Batting: LHB James Peters
|
0-0: Foul Ball, location: 2F 0-1: Ball 1-1: Swinging Strike 1-2: Ball 2-2: Foul Ball, location: 2F 2-2: Ball Wild Pitch! Richard Rickman to second 3-2: Strikes out swinging
|
Batting: LHB Randy Bush
|
0-0: Called Strike 0-1: Called Strike Richard Rickman steals 3rd base 0-2: Strikes out swinging
|
Batting: LHB Ty Gainey
|
0-0: Called Strike 0-1: Ground out U3 (Groundball, 34, EV 110.6 MPH)
|
Top of the 8th over - 0 runs, 1 hit, 0 errors, 1 left on base; Eugene 1 - Spokane 1 |
BOTTOM OF THE 8TH |
Spokane Indians batting - Pitching for Eugene Emeralds : LHP Martin Pavlik
|
Batting: RHB Albert Rausch
|
0-0: Ball 1-0: Ball 2-0: Called Strike 2-1: Ball 3-1: Base on Balls
|
Batting: RHB Ty Waller
|
0-0: Ball 1-0: Swinging Strike 1-1: Foul Ball, location: 2F 1-2: Strikes out swinging
|
Batting: RHB Reggie Whittemore
|
0-0: Ball 1-0: Swinging Strike 1-1: Foul Ball, location: 2F 1-2: Foul Ball, location: 2F 1-2: Strikes out swinging
|
Batting: LHB Stu Pederson
|
0-0: Ball 1-0: Ball 2-0: Called Strike 2-1: Ball 3-1: Base on Balls Albert Rausch to second
|
Batting: SHB Mark Gillaspie
|
0-0: Ball 1-0: SINGLE (Groundball, 56S, EV 64.4 MPH) (infield hit) Albert Rausch to third Stu Pederson to second
|
Batting: LHB Dave Stockstill
|
0-0: Ball 1-0: Ball 2-0: Fly out, F7 (Flyball, 78XD, EV 98.8 MPH)
|
Bottom of the 8th over - 0 runs, 1 hit, 0 errors, 3 left on base; Eugene 1 - Spokane 1 |
TOP OF THE 9TH |
Eugene Emeralds batting - Pitching for Spokane Indians : LHP Alberto Argueta
|
Pitching: RHP Albert Williams
|
|
Batting: LHB Dave Revering
|
0-0: Ball 1-0: Foul Ball, location: 2F 1-1: Called Strike 1-2: Strikes out looking
|
Batting: RHB Tim Wallach
|
0-0: Foul Ball, location: 2F 0-1: Swinging Strike 0-2: Foul Ball, location: 2F 0-2: Ball 1-2: Strikes out looking
|
Batting: LHB Milt May
|
0-0: Called Strike 0-1: Ball 1-1: Ball 2-1: Foul Ball, location: 2F 2-2: Strikes out swinging
|
Top of the 9th over - 0 runs, 0 hits, 0 errors, 0 left on base; Eugene 1 - Spokane 1 |
BOTTOM OF THE 9TH |
Spokane Indians batting - Pitching for Eugene Emeralds : LHP Martin Pavlik
|
Batting: RHB Tom Watkins
|
0-0: Ground out 6-3 (Groundball, 6, EV 97.5 MPH)
|
Batting: LHB Joseph Lentsch
|
0-0: Ball 1-0: Called Strike 1-1: SINGLE (Line Drive, 4D, EV 99.4 MPH)
|
Batting: RHB Matthew Tyner
|
0-0: Ball 1-0: Ball 2-0: Called Strike 2-1: Ball 3-1: Fly out, F8 (Flyball, 8RD, EV 92.5 MPH)
|
Batting: RHB Albert Rausch
|
0-0: DOUBLE (Groundball, 5L, EV 95.6 MPH) Joseph Lentsch to third Runner from 3rd tries for Home, SAFE, throw by LF to trailing runner, SAFE at third!
|
Bottom of the 9th over - 1 run, 2 hits, 0 errors, 0 left on base; Eugene 1 - Spokane 2 |
|